Map: Automaton LE

Players

MCanning

  • Race: Protoss Protoss
  • League: Grandmaster
  • Spawn Location: 9:00

puCK (Nina) - Winner!

  • Race: Protoss Protoss
  • League: Grandmaster
  • Spawn Location: 3:00

Event: Cheeseadelphia 8

VOD

Have the link to the VOD?

Description

Time

  • Played on: Dec. 9, 2018, 4:18 p.m.
  • Length: 10:21

All games in this series

Show
View Real Time Build Order
Export as new Build Order

MCanning Protoss 

Build Orders: Phoenix Opening, Archon Immortal 

Get SALT Encoding   

  12  0:00  Probe  
  13  0:12  Probe  
  14  0:18  Pylon  
  14  0:24  Probe  
  15  0:34  Probe  
  15  0:38  Gateway  
  15  0:42  Probe  
  16  0:48  Assimilator  
  17  0:50  Probe  
  18  0:57  Assimilator  
  18  0:58  Probe  
  19  1:06  Probe  
  20  1:14  Gateway  
  20  1:17  Probe  
  21  1:30  Cybernetics Core  
  21  1:34  Probe  
  22  1:42  Pylon  
  22  1:46  Probe  
  23  2:07  Stalker  
  23  2:08  Warp Gate, Sentry  
  27  2:15  Pylon  
  27  2:35  Stargate  
  27  2:48  Nexus  
  27  2:56  Pylon  
  27  2:59  Probe  
  28  3:11  Probe, Phoenix  
  31  3:23  Probe  
  32  3:27  Phoenix  
  32  3:35  Probe  
  35  3:44  Shield Battery  
  35  3:47  Probe  
  36  3:50  Phoenix  
  38  3:59  Probe  
  39  4:04  Probe  
  40  4:11  Adept x2  
  40  4:12  Probe  
  40  4:17  Probe  
  46  4:24  Probe  
  47  4:29  Probe  
  50  4:36  Probe  
  51  4:41  Probe, Robotics Facility  
  49  4:45  Pylon  
  49  4:47  Phoenix  
  49  4:48  Probe  
  43  4:59  Sentry  
  48  5:00  Probe  
  48  5:05  Shield Battery  
  48  5:09  Shield Battery  
  48  5:10  Probe  
  48  5:12  Adept  
  51  5:21  Observer, Shield Battery  
  51  5:24  Probe  
  53  5:30  Probe  
  53  5:31  Immortal  
  53  5:32  Adept  
  56  5:36  Adept  
  56  5:40  Probe  
  59  5:48  Probe  
  64  5:51  Forge  
  64  5:52  Stalker, Probe  
  67  6:00  Assimilator, Probe  
  67  6:04  Protoss Ground Weapons Level 1, Probe  
  68  6:05  Assimilator  
  67  6:12  Probe  
  68  6:19  Adept  
  68  6:23  Pylon  
  68  6:25  Nexus  
  70  6:27  Pylon  
  70  6:41  Probe x2  
  70  6:43  Twilight Council  
  72  6:53  Probe x2  
  74  6:54  Immortal  
  78  7:04  Gateway  
  78  7:05  Gateway  
  78  7:08  Charge  
  78  7:15  Pylon  
  78  7:18  Pylon  
  78  7:28  Templar Archives  
  78  7:33  Probe x2  
  80  7:40  Probe  
  80  7:42  Immortal  
  80  7:43  Protoss Ground Weapons Level 2  
  83  7:45  Gateway, Probe x2  
  83  7:46  Gateway  
  85  7:55  Phoenix  
  85  7:57  Probe  
  88  7:58  Probe  
  88  8:00  Probe  
  90  8:06  High Templar x2  
  90  8:09  Probe  
  90  8:10  Archon  
  90  8:11  Probe  
  90  8:12  Probe  
  97  8:19  Stalker  
  99  8:20  Stalker  
  101  8:28  Probe  
  101  8:32  Shield Battery  
  101  8:34  Pylon  
  102  8:37  Immortal, Pylon  
  106  8:44  Zealot x2  
  109  8:54  Zealot x2  
  101  8:59  Zealot x2  
  97  9:04  Zealot  
  97  9:05  Zealot  
  85  9:19  Zealot x3  
  85  9:22  Immortal  
  81  9:33  High Templar  
  81  9:37  High Templar  
  89  9:42  Archon  
  89  9:44  Zealot x2  
  85  9:50  Zealot  
  76  9:56  Zealot  
Show
View Real Time Build Order
Export as new Build Order

puCK Protoss - Winner!

Build Orders: Oracle Opening, Phoenix Opening 

Get SALT Encoding   

  12  0:00  Probe  
  13  0:12  Probe  
  14  0:19  Pylon  
  14  0:24  Probe  
  15  0:33  Probe  
  15  0:38  Gateway  
  15  0:42  Probe  
  16  0:47  Assimilator  
  17  0:51  Probe  
  17  0:55  Assimilator  
  18  0:59  Probe  
  19  1:07  Probe  
  19  1:13  Gateway  
  19  1:17  Probe  
  21  1:26  Cybernetics Core  
  21  1:30  Probe  
  22  1:37  Pylon  
  22  1:42  Probe  
  23  1:55  Probe  
  24  2:03  Stalker, Sentry  
  24  2:04  Warp Gate  
  24  2:07  Probe  
  29  2:17  Pylon  
  29  2:31  Stargate  
  29  2:38  Phoenix  
  29  2:48  Nexus  
  29  2:50  Probe  
  30  2:57  Stalker  
  32  3:02  Probe  
  32  3:05  Oracle  
  35  3:14  Probe  
  37  3:24  Pylon  
  37  3:26  Probe  
  38  3:34  Phoenix  
  38  3:38  Probe  
  38  3:41  Shield Battery  
  41  3:51  Probe  
  42  4:03  Gateway, Probe  
  42  4:06  Gateway  
  42  4:07  Probe  
  44  4:15  Probe  
  45  4:19  Probe  
  45  4:23  Pylon  
  46  4:27  Probe  
  47  4:31  Probe  
  47  4:33  Adept  
  47  4:34  Pylon  
  50  4:38  Adept  
  50  4:41  Probe  
  50  4:44  Probe  
  51  4:53  Probe  
  51  4:56  Probe  
  51  4:57  Gateway  
  51  4:59  Sentry x2  
  57  5:00  Sentry  
  57  5:01  Stalker  
  60  5:07  Probe  
  60  5:12  Probe  
  62  5:19  Probe  
  63  5:22  Nexus  
  63  5:24  Probe  
  64  5:31  Twilight Council, Probe  
  64  5:32  Sentry  
  64  5:33  Stalker  
  69  5:36  Probe  
  69  5:42  Assimilator  
  70  5:44  Probe  
  70  5:46  Assimilator, Pylon  
  72  5:53  Stalker x2  
  72  5:56  Stalker  
  77  6:04  Probe  
  76  6:06  Probe  
  77  6:15  Stalker x2  
  81  6:20  Pylon  
  81  6:23  Stalker, Forge  
  83  6:26  Pylon  
  83  6:30  Probe  
  84  6:37  Gateway, Probe  
  85  6:42  Gateway  
  85  6:44  Probe x2  
  87  6:49  Probe  
  88  6:55  Blink  
  88  6:56  Probe  
  88  6:57  Stalker x3  
  96  7:01  Probe  
  96  7:04  Protoss Ground Weapons Level 1  
  95  7:13  Probe  
  95  7:17  Probe x2  
  95  7:21  Oracle  
  95  7:22  Stalker  
  100  7:25  Probe  
  100  7:26  Robotics Facility  
  100  7:29  Probe  
  102  7:33  Probe  
  105  7:37  Probe  
  105  7:41  Probe  
  107  7:45  Probe  
  107  7:47  Stalker x3  
  114  7:51  Pylon  
  114  7:55  Pylon  
  114  7:56  Photon Cannon  
  114  8:00  Photon Cannon  
  114  8:06  Stalker  
  114  8:09  Observer  
  114  8:10  Assimilator, Pylon  
  114  8:11  Assimilator  
  116  8:15  Stalker x2  
  116  8:19  Photon Cannon  
  121  8:26  Stalker x2  
  125  8:28  Stalker  
  125  8:32  Stalker  
  129  8:35  Stalker  
  114  8:59  Stalker x2  
  114  9:00  Stalker x5  
  96  9:26  Stalker x7  
  96  9:30  Photon Cannon  
  102  10:00  Stalker x7  
Tags
 
Add a new tag
Caveats
  • Supply blocks, unpowered buildings, or Contaminate may cause inaccurate times.
  • Supply counts are checked every 10 seconds.